 Dungeon Crawl Stone Soup version 0.24-a0-639-gb70a11d (webtiles) character file.

Game seed: 4060659250498740384, levelgen mode: deterministic

1763 Charmandara the Slicer (level 9, -4/55 HPs)
             Began as a Kobold Chaos Knight on Sept 21, 2019.
             Was a Plaything of Xom.
             Slain by an ice beast (12 damage)
             ... on level 7 of the Dungeon.
             The game lasted 00:15:42 (2718 turns).

Charmandara the Slicer (Kobold Chaos Knight)        Turns: 2718, Time: 00:15:44

Health: -4/55      AC:  7    Str: 19    XL:     9   Next: 27%
Magic:  9/9        EV: 18    Int: 16    God:    Xom [.*....]
Gold:   2          SH:  0    Dex: 15    Spells: 8/8 levels left

rFire    . . .     SeeInvis .   e - +0 short sword of the Dead {flame, rElec rN+ Str-3} (curse)
rCold    . . .     Gourm    .   (shield restricted)
rNeg     + . .     Faith    .   s - +2 leather armour
rPois    .         Spirit   .   (no helmet)
rElec    +         Reflect  .   j - +0 cloak
rCorr    .         Harm     .   (no gloves)
MR       .....                  (no boots)
Stlth    ++++......             l - amulet of the acrobat
HPRegen  0.18/turn              w - ring "Meoryrph" {AC+1 Str+8 Int+3}
MPRegen  0.11/turn              (no ring)

@: no status effects
A: small, carnivore, strong 1, wild magic 1
a: Renounce Religion


You were on level 7 of the Dungeon.
You worshipped Xom.
You were a plaything of Xom.
You were very full.

You visited 2 branches of the dungeon, and saw 10 of its levels.
You also visited: Sewer.

You collected 183 gold pieces.
You spent 181 gold pieces at shops.

Inventory:

Hand Weapons
 a - a +4 short sword of electrocution
   (You took it off a kobold in a sewer)
 b - a +4 short sword of chaos
 e - the cursed +0 short sword of the Dead (weapon) {flame, rElec rN+ Str-3}
   (You found it on level 9 of the Dungeon)

   It has been specially enchanted to burn those struck by it, causing extra
   injury to most foes and up to half again as much damage against particularly
   susceptible opponents.
   It affects your strength (-3).
   It insulates you from electricity.
   It protects you from negative energy.
   It has a curse placed upon it.
 o - a +0 long sword
   (You found it on level 4 of the Dungeon)
Armour
 d - a +0 helmet
   (You found it on level 8 of the Dungeon)
 h - a +0 shield
   (You found it on level 2 of the Dungeon)
 j - a +0 cloak (worn)
   (You found it on level 2 of the Dungeon)
 r - a +0 troll leather armour {Purgy}
   (You found it in a sewer)
 s - a +2 leather armour (worn)
 t - a +0 pair of boots
   (You found it on level 6 of the Dungeon)
 x - the cursed +0 leather armour of Kikubaaqudgha's Favour {rF+ rN+}
   (You found it on level 8 of the Dungeon)

   It protects you from fire.
   It protects you from negative energy.
   It has a curse placed upon it.
Jewellery
 l - an amulet of the acrobat (around neck)
   (You found it on level 2 of the Dungeon)
 w - the ring "Meoryrph" (left hand) {AC+1 Str+8 Int+3}
   (You found it on level 7 of the Dungeon)

   [ring of protection]

   It affects your AC (+1).
   It affects your strength (+8).
   It affects your intelligence (+3).
Scrolls
 u - 2 scrolls of blinking {!r}
 v - 3 scrolls of teleportation
Potions
 f - a potion of resistance {unknown}
 g - a potion of might {unknown}
 i - a potion of ambrosia {unknown}
 m - a potion of cancellation
 n - a potion of degeneration {unknown}
 q - a potion of mutation {!q}
Comestibles
 c - 6 rations
 k - 4 chunks of flesh {@w0}


   Skills:
 + Level 6.0 Fighting
 * Level 9.5 Short Blades
 - Level 0.7 Armour
 + Level 6.0 Dodging
 * Level 9.1 Stealth


You had 8 spell levels left.
You didn't know any spells.
Your spell library was empty.

Dungeon Overview and Level Annotations

Branches:
Dungeon (9/15)             Temple (1/1) D:7            Lair (0/6) D:8
  Sewer (visited)
    Orc: D:9-12

Altars:
Ashenzari
Cheibriados
Dithmenos
Elyvilon
Fedhas
Gozag
Hepliaklqana
Makhleb
Nemelex Xobeh
Okawaru
Ru
Trog
Uskayaw
Wu Jian
Xom
Zin
The Shining One

Shops:
D:5 =   D:6 ?


Innate Abilities, Weirdness & Mutations

You are small and have problems with some larger weapons.
You are carnivorous and can eat meat at any time.
Your muscles are strong. (Str +2)
Your spells are a little harder to cast, but a little more powerful.


Message History

The leopard gecko closely misses you. The hound zombie closely misses you.
You take 13 damage, and have 40/55 hp.
MASSIVE DAMAGE!!
Unknown command.
The wight completely misses you.
Found 13 gold pieces.
Found an escape hatch in the ceiling.
The leopard gecko completely misses you.
There is an escape hatch in the ceiling here.
The leopard gecko bites you. A mysterious force pulls you upwards.
The hatch slams shut behind you.
A hippogriff and an ice beast come into view.
Found a scroll of identify.
Found a stone staircase leading up.
You take 1 damage, and have 40/55 hp.
Unknown command.
You hit the leopard gecko. You burn the leopard gecko.
The leopard gecko closely misses you.
You puncture the leopard gecko! You burn the leopard gecko.
You kill the leopard gecko!
You can't unwield your weapon to draw a new one!
Okay, then.
You can't unwield your weapon to draw a new one!
As you read the scroll of identify, it crumbles to dust.
x - the cursed +0 leather armour of Kikubaaqudgha's Favour {rF+ rN+} You hit the ice beast but do no damage.
The ice beast completely misses you.
You closely miss the ice beast.
The ice beast hits you but does no damage.
You hit the ice beast but do no damage. You closely miss the ice beast.
The ice beast closely misses you.
You closely miss the ice beast. The ice beast completely misses you.
Xom grants you a minor favour.
You feel much better.
Health restored: 55 You hit the hippogriff but do no damage.
The hippogriff barely misses you. The hippogriff misses you.
The hippogriff claws you but does no damage.
You barely miss the hippogriff. You hit the hippogriff.
You burn the hippogriff.
The hippogriff bites you but does no damage.
The hippogriff pecks you. The hippogriff barely misses you.
You take 2 damage, and have 53/55 hp.
You hit the hippogriff. You burn the hippogriff. The hippogriff bites you.
The hippogriff pecks you. The hippogriff misses you.
You take 5 damage, and have 48/55 hp.
You hit the hippogriff. You burn the hippogriff.
You barely miss the hippogriff. The hippogriff bites you!
The hippogriff pecks you. The hippogriff claws you.
You take 11 damage, and have 38/55 hp.
You puncture the hippogriff! You burn the hippogriff.
The hippogriff closely misses you. The hippogriff pecks you!
The hippogriff misses you.
You take 7 damage, and have 31/55 hp.
You hit the hippogriff. You burn the hippogriff.
You barely miss the hippogriff. The hippogriff closely misses you.
The hippogriff pecks you. The hippogriff claws you!
You take 14 damage, and have 17/55 hp.
MASSIVE DAMAGE!!
You hit the hippogriff. You burn the hippogriff. The hippogriff bites you.
* * * LOW HITPOINT WARNING * * *
The hippogriff pecks you but does no damage.
The hippogriff claws you but does no damage.
You take 1 damage, and have 16/55 hp.
You hit the hippogriff. You burn the hippogriff. You hit the hippogriff.
You burn the hippogriff.
The hippogriff barely misses you. x2; The hippogriff claws you.
* * * LOW HITPOINT WARNING * * *
You take 2 damage, and have 14/55 hp.
You barely miss the hippogriff. "This might be better!"
The hippogriff flickers and vanishes!
Deactivating autopickup; reactivate with Ctrl-A.
Unknown command.
You hit something. You burn something. Something bites you but does no damage.
Something pecks you.
* * * LOW HITPOINT WARNING * * *
Something claws you.
* * * LOW HITPOINT WARNING * * *
You take 4 damage, and have 11/55 hp.
Unknown command.
You closely miss something. Something bites you but does no damage.
Something barely misses you. Something claws you but does no damage.
Unknown command.
You puncture something! You burn something.
Reactivating autopickup.
Your life force feels restored.
Your Fighting skill increases to level 6!
Your Dodging skill increases to level 6!
Your Stealth skill increases to level 9!
You feel a bit more experienced.
You are now a plaything of Xom.
You can't unwield your weapon to draw a new one!
Unknown command.
You hit the ice beast but do no damage. The ice beast closely misses you.
Okay, then.
Okay, then.
You hit the ice beast.
You melt the ice beast.
You hit the ice beast but do no damage. The ice beast hits you.
* * * LOW HITPOINT WARNING * * *
The ice beast freezes you!
You die...
Xom titters!

#?..................###)
#.............. .... #†
#..†............... #†
##................ #.
#####........... #. #........ ...
#. #........ .... ## #Y#......
..... #. ##@##>.... ......#.
#......... #... #<........
..#...# #..# #.##...... #...###
#..# #.# #.###.#####.... #####
#.. #.# #.# ..###.### ....# #.#.
##.##..# ###.....#.. ....#
##.##.##.#..# ##.........#
....####..##......####..........#


You could see an ice beast.

Vanquished Creatures
  A hippogriff (D:7)
  A steam dragon (D:7)
  Purgy (Sewer)
  2 sky beasts
  A black bear (D:7)
  A necrophage (D:6)
  An ogre (D:4)
  A scorpion (D:4)
  4 killer bees
  2 wights (D:8)
  2 howler monkeys (D:4)
  2 crimson imps (D:6)
  2 hounds
  A jelly (D:7)
  A bullfrog skeleton (D:5)
  An iguana (D:5)
  2 orc wizards
  3 worker ants
  3 gnolls (D:5)
  A river rat (D:4)
  5 adders
  An ooze (D:4)
  An adder zombie (D:5)
  An adder skeleton (D:6)
  2 worms
  2 dart slugs
  4 leopard geckos
  12 orcs
  2 ball pythons
  7 giant cockroaches
  2 goblins
  2 hobgoblins
  4 jackals (D:7)
  2 frilled lizards
  9 kobolds
  6 rats
95 creatures vanquished.

Vanquished Creatures (others)
  A worker ant (D:8)
1 creature vanquished.

Grand Total: 96 creatures vanquished

Notes
Turn   | Place    | Note
-------+----------+-------------------------------------------
     0 | D:1      | Charmandara the Kobold Chaos Knight began the quest for the
                  | Orb.
     0 | D:1      | Reached XP level 1. HP: 14/14 MP: 1/1
    77 | D:1      | XOM: harmless Conj miscast
   154 | D:1      | XOM: divination: detect creatures
   155 | D:1      | Reached XP level 2. HP: 17/19 MP: 2/2
   208 | D:2      | Reached skill level 1 in Stealth
   248 | D:1      | XOM: harmless Tloc miscast
   471 | D:2      | Found a faded altar of an unknown god.
   513 | D:2      | XOM: harmless Necr miscast
   589 | D:3      | Reached XP level 3. HP: 23/23 MP: 3/3
   646 | D:3      | Found a glowing golden altar of the Shining One.
   673 | D:3      | Found a sparkling altar of Nemelex Xobeh.
   740 | D:3      | Reached skill level 3 in Dodging
   808 | D:3      | XOM: smoke on damage
   816 | D:3      | Reached skill level 5 in Short Blades
   816 | D:3      | Reached skill level 2 in Stealth
   816 | D:3      | Reached XP level 4. HP: 22/29 MP: 4/4
   837 | D:3      | Found a sacrificial altar of Ru.
   870 | D:4      | XOM: divination: magic mapping
   874 | D:4      | XOM: potion effect (heal wounds)
   875 | D:4      | XOM: cast spell 'Summon Butterflies'
   895 | D:4      | Noticed an ogre
   899 | D:4      | Killed an ogre
   899 | D:4      | Reached skill level 4 in Fighting
   899 | D:4      | Reached skill level 3 in Stealth
   899 | D:4      | Reached XP level 5. HP: 33/33 MP: 5/5
  1066 | D:4      | Reached skill level 6 in Short Blades
  1066 | D:4      | Reached skill level 4 in Stealth
  1066 | D:4      | Reached XP level 6. HP: 13/38 MP: 6/6
  1093 | D:3      | XOM: polymorph bat -> killer bee
  1229 | D:4      | XOM: potion effect (might)
  1233 | D:4      | Reached skill level 4 in Dodging
  1281 | D:4      | Reached skill level 5 in Stealth
  1281 | D:4      | Reached XP level 7. HP: 19/44 MP: 7/7
  1374 | D:4      | XOM: harmless Erth miscast
  1415 | D:4      | Found a glowing drain.
  1419 | Sewer    | Entered a sewer
  1508 | Sewer    | Noticed Purgy
  1512 | Sewer    | Killed Purgy
  1512 | Sewer    | Reached skill level 7 in Short Blades
  1648 | D:5      | Entered Level 5 of the Dungeon
  1648 | D:5      | Found Hemink's Jewellery Boutique.
  1649 | D:5      | XOM: divination: magic mapping
  1741 | D:6      | XOM: potion effect (berserk rage)
  1750 | D:6      | XOM: noise
  1754 | D:6      | Reached skill level 6 in Stealth
  1881 | D:5      | Found a shattered altar of Ashenzari.
  1882 | D:5      | Reached XP level 8. HP: 34/48 MP: 8/8
  1890 | D:5      | Reached skill level 5 in Fighting
  1977 | D:6      | Found a white marble altar of Elyvilon.
  1987 | D:6      | XOM: 1-stop teleportation journey
  2013 | D:6      | XOM: noise
  2014 | D:6      | Reached skill level 8 in Short Blades
  2014 | D:6      | Reached skill level 5 in Dodging
  2015 | D:6      | Reached skill level 7 in Stealth
  2024 | D:6      | Found a blossoming altar of Fedhas.
  2032 | D:6      | Found a hide-covered altar of Uskayaw.
  2042 | D:6      | Found Xeshriuk's Magic Scroll Shop.
  2077 | D:6      | Bought a scroll of teleportation for 33 gold pieces
  2077 | D:6      | Bought a scroll of enchant weapon for 82 gold pieces
  2077 | D:6      | Bought a scroll of teleportation for 33 gold pieces
  2077 | D:6      | Bought a scroll of teleportation for 33 gold pieces
  2109 | D:7      | XOM: enchant monster (good)
  2118 | D:7      | Got a scorched gossamer ring
  2124 | D:7      | Identified the ring "Meoryrph" {AC+1 Str+8 Int+3} (You
                  | found it on level 7 of the Dungeon)
  2169 | D:7      | Found a staircase to the Ecumenical Temple.
  2176 | Temple   | Entered the Ecumenical Temple
  2235 | Temple   | XOM: god gift: robe {god gift}
  2385 | D:7      | XOM: polymorph killer bee -> jelly
  2388 | D:7      | HP: 8/50 [killer bee (6)]
  2393 | D:7      | HP: 6/50 [killer bee (9)]
  2395 | D:7      | Reached skill level 8 in Stealth
  2415 | D:7      | HP: 8/50 [killer bee (2)]
  2419 | D:7      | Gained mutation: Your muscles are strong. (Str +2) [potion
                  | of mutation]
  2419 | D:7      | Gained mutation: Your spells are a little harder to cast,
                  | but a little more powerful. [potion of mutation]
  2421 | D:7      | HP: 10/50 [poisoned by a killer bee]
  2429 | D:7      | HP: 9/50 [poisoned by a killer bee]
  2437 | D:7      | HP: 9/50 [poisoned by a killer bee]
  2520 | D:7      | Found an ornate altar of the Wu Jian Council.
  2540 | D:8      | Reached skill level 9 in Short Blades
  2540 | D:8      | Reached XP level 9. HP: 26/55 MP: 9/9
  2541 | D:8      | XOM: confusion (+ monsters)
  2593 | D:9      | Got a twisted short sword
  2594 | D:9      | Identified the cursed +0 short sword of the Dead {flame,
                  | rElec rN+ Str-3} (You found it on level 9 of the Dungeon)
  2614 | D:8      | Noticed a hippogriff
  2616 | D:8      | Found a staircase to the Lair.
  2631 | D:8      | XOM: enchant monster (bad)
  2636 | D:8      | XOM: summons friendly shadow imp
  2639 | D:8      | XOM: destruction
  2661 | D:8      | XOM: destruction
  2677 | D:8      | Got a distressingly furry leather armour
  2677 | D:8      | XOM: silly message
  2685 | D:7      | Noticed a hippogriff
  2688 | D:7      | Identified the cursed +0 leather armour of Kikubaaqudgha's
                  | Favour {rF+ rN+} (You found it on level 8 of the Dungeon)
  2695 | D:7      | XOM: potion effect (heal wounds)
  2712 | D:7      | XOM: enchant monster (bad)
  2713 | D:7      | HP: 12/55 [something (3)]
  2715 | D:7      | Killed a hippogriff
  2715 | D:7      | Reached skill level 6 in Fighting
  2715 | D:7      | Reached skill level 6 in Dodging
  2715 | D:7      | Reached skill level 9 in Stealth
  2718 | D:7      | HP: 8/55 [ice beast (3)]
  2718 | D:7      | Slain by an ice beast

Levels and vault maps discovered:
D:1:      minmay_arrival_semitransparent, layout_basic
D:2:      layout_loops_ring, chequers_ecumenical_altar_island,
          hangedman_decor_peaks_small, roderic_filled_cross
D:3:      layout_basic, old_standard_altar, lemuel_round_altar,
          nicolae_ru_path_of_blood, feat_on_display
D:4:      layout_basic, gup_sewer_entry_spiral
D:5:      layout_gridville, nicolae_ashenzari_panopticon, serial_shops,
          nicolae_shop_crystal, first_ration, uniq_crazy_yiuf_cottage
D:6:      layout_rooms, kennysheep_mini_moat, kennysheep_mini,
          gammafunk_temple_overflow_statue, serial_shops,
          nicolae_shop_behind_doors, minmay_misc_feat_secret_circle,
          hangedman_abyss_or_decor_jellyfish_corner,
          chequers_serial_rivers_small_3, chequers_jeans
D:7:      layout_rooms, lemuel_doored_altar, lemuel_temple_firewalk_b
D:8:      kennysheep_blocky_room, layout_basic, lemuel_crystal_altar,
          david_lair_generic, serial_undead, serial_undead_a, serial_undead_b,
          serial_undead_c, serial_undead_f, serial_undead_a, serial_undead_a,
          serial_undead_c, serial_undead_a, serial_shops, shop_fountains,
          uniq_harold
D:9:      layout_basic, gammafunk_temple_overflow_claw
Temple:   kb_temple_of_zot

Skill      XL: |  1  2  3  4  5  6  7  8  9 |
---------------+----------------------------+-----
Stealth        | 1 2 3 4 5 6 8 9 |  9.1
Dodging        | 3 4 5 6 |  6.0
Short Blades   | 5 6 7 9 |  9.5
Fighting       | 4 5 6 |  6.0
Armour         | |  0.7

Action                   |  1- 3 |  4- 6 |  7- 9 || total
-------------------------+-------+-------+-------++-------
Melee: Short sword       |    98 |    54 |   220 ||   372
  Use: Scroll            |     3 |     3 |     9 ||    15
       Potion            |     1 |       |     7 ||     8
 Stab: Petrifying        |     1 |       |       ||     1
       Sleeping          |     1 |     3 |    11 ||    15
       Paralysed         |     1 |       |       ||     1
  Eat: Chunk             |       |     9 |     4 ||    13
Armor: Leather armour    |    21 |     6 |    39 ||    66
Dodge: Dodged            |    71 |    30 |   172 ||   273

Table legend:
 A = Non-vault XP
 B = Vault XP
 C = Vault XP percentage of total XP
 D = Non-vault monster count
 E = Vault monster count
 F = Vault count percentage of total count
                 A         B        C        D         E       F
            +---------+---------+-------+---------+---------+-------
      Total |    2221 |     298 |  11.8 |      82 |      14 |  14.6
            +---------+---------+-------+---------+---------+-------
        D:1 |      14 |       0 |   0.0 |       8 |       0 |   0.0
        D:2 |      14 |       0 |   0.0 |       6 |       0 |   0.0
        D:3 |     130 |       0 |   0.0 |      16 |       0 |   0.0
        D:4 |     386 |      35 |   8.3 |      12 |       6 |  33.3
        D:5 |     346 |       0 |   0.0 |      14 |       0 |   0.0
        D:6 |     301 |       0 |   0.0 |       7 |       0 |   0.0
        D:7 |     825 |       0 |   0.0 |      13 |       0 |   0.0
        D:8 |     156 |     116 |  42.6 |       2 |       2 |  50.0
        D:9 |      49 |       0 |   0.0 |       4 |       0 |   0.0
      Sewer |       0 |     147 | 100.0 |       0 |       6 | 100.0
            +---------+---------+-------+---------+---------+-------

Levels and vault maps discovered:
D:1:      minmay_arrival_semitransparent, layout_basic
D:2:      layout_loops_ring, chequers_ecumenical_altar_island,
          hangedman_decor_peaks_small, roderic_filled_cross
D:3:      layout_basic, old_standard_altar, lemuel_round_altar,
          nicolae_ru_path_of_blood, feat_on_display
D:4:      layout_basic, gup_sewer_entry_spiral
D:5:      layout_gridville, nicolae_ashenzari_panopticon, serial_shops,
          nicolae_shop_crystal, first_ration, uniq_crazy_yiuf_cottage
D:6:      layout_rooms, kennysheep_mini_moat, kennysheep_mini,
          gammafunk_temple_overflow_statue, serial_shops,
          nicolae_shop_behind_doors, minmay_misc_feat_secret_circle,
          hangedman_abyss_or_decor_jellyfish_corner,
          chequers_serial_rivers_small_3, chequers_jeans
D:7:      layout_rooms, lemuel_doored_altar, lemuel_temple_firewalk_b
D:8:      kennysheep_blocky_room, layout_basic, lemuel_crystal_altar,
          david_lair_generic, serial_undead, serial_undead_a, serial_undead_b,
          serial_undead_c, serial_undead_f, serial_undead_a, serial_undead_a,
          serial_undead_c, serial_undead_a, serial_shops, shop_fountains,
          uniq_harold
D:9:      layout_basic, gammafunk_temple_overflow_claw
Temple:   kb_temple_of_zot

Table legend:
 A = Turns spent in this place as a percentage of turns spent in the entire game.
 B = Non-inter-level travel turns spent in this place as a percentage of non-inter-level travel turns spent in the entire game.
 C = Inter-level travel turns spent in this place as a percentage of turns spent in this place.
 D = Turns resting spent in this place as a percentage of non-inter-level travel turns spent in this place.
 E = Turns spent auto-exploring this place as a percentage of non-inter-level travel turns spent in this place.
 F = Non-inter-level travel turns spent in this place divided by the number of levels of this place that you've seen.
                   A       B       C       D       E      F
               +-------+-------+-------+-------+-------+----------------------
         Total | 100.0 | 100.0 |  10.4 |   0.0 |   0.0 | 221.5
       Dungeon |  89.7 |  91.7 |   8.4 |   0.0 |   0.0 | 248.1
        Temple |   4.3 |   1.7 |  64.4 |   0.0 |   0.0 |  42.0
         Sewer |   5.9 |   6.6 |   0.0 |   0.0 |   0.0 | 161.0
               +-------+-------+-------+-------+-------+----------------------

Table legend:
 A = Kills in this place as a percentage of kills in entire the game.
 B = Kills by you in this place as a percentage of kills by you in the entire game.
 C = Kills by friends in this place as a percentage of kills by friends in the entire game.
 D = Other kills in this place as a percentage of other kills in the entire game.
 E = Experience gained in this place as a percentage of experience gained in the entire game.
 F = Experience gained in this place divided by the number of levels of this place that you have seen.
                   A       B       C       D       E      F
               +-------+-------+-------+-------+-------+----------------------
         Total | 100.0 | 100.0 |   N/A | 100.0 | 100.0 | 229.0
       Dungeon |  93.8 |  93.7 |   N/A | 100.0 |  94.2 | 263.6
         Sewer |   6.2 |   6.3 |   N/A |   0.0 |   5.8 | 147.0
               +-------+-------+-------+-------+-------+----------------------
